 Dungeon Crawl Stone Soup version 0.19.4 (console) character file.

2814 Kloppie the Fighter (level 9, -2/127 HPs)
             Began as a Minotaur Fighter on Feb 2, 2017.
             Slain by a sixfirhy (3 damage)
             ... summoned by an orc high priest
             ... in a bailey.
             The game lasted 00:08:27 (4920 turns).

Kloppie the Fighter (Minotaur Fighter)              Turns: 4920, Time: 00:08:27

Health: -2/127     AC: 24    Str: 28    XL:     9   Next: 44%
Magic:  0/8        EV:  2    Int:  5    God:
Gold:   334        SH: 11    Dex: 18    Spells: 0 memorised, 8 levels left

rFire  + . .     SeeInvis .     a - +0 war axe
rCold  + . .     Gourm    .     (armour currently unavailable)
rNeg   + + +     Faith    .     c - +0 shield
rPois  +         Spirit   +     (helmet unavailable)
rElec  +         Reflect  .     (cloak currently unavailable)
rCorr  +         Harm     .     (gloves currently unavailable)
MR     .....     NoTele   +     (boots currently unavailable)
Stlth  +++.......               t - amulet "Fautenak" {Spirit rElec Dex+2}
                                (no ring)
                                k - +3 ring of evasion

@: mighty, agile, tree-form, resistant, very slightly contaminated, hasted
(expiring), very quick
A: (retaliatory headbutt), (horns 0), deterioration 1, (poison resistance)
a: no special abilities


You were in a bailey.
You were not hungry.
You were a tree.
You visited 1 branch of the dungeon, and saw 7 of its levels.
You also visited: Ossuary and Bailey.

You collected 334 gold pieces.

Inventory:

Hand Weapons
 a - a +0 war axe (weapon)
 b - a +2 hand axe of flaming
Armour
 c - a +0 shield (worn)
 r - a +0 pair of boots (melded)
 u - a +0 plate armour (melded)
Jewellery
 k - a +3 ring of evasion (left branch)
 t - the amulet "Fautenak" (around neck) {Spirit rElec Dex+2}
   (You found it on level 6 of the Dungeon)

   [amulet of guardian spirit]

   It causes incoming damage to be split between your health and magic.
   It affects your dexterity (+2).
   It insulates you from electricity.
Wands
 o - a wand of confusion (46/48)
Scrolls
 e - 3 scrolls of remove curse
 h - 9 scrolls of identify
 j - a scroll of teleportation
 m - a scroll of fear
 x - a scroll of magic mapping
Potions
 d - a potion of might
 i - 3 potions of curing
 n - a potion of cancellation
 p - 3 potions of lignification
Books
 s - a book of Maledictions

   Spells                             Type                      Level
   a - Corona                         Hexes                        1
   b - Ensorcelled Hibernation        Hexes/Ice                    2
   c - Confuse                        Hexes                        3
   d - Tukima's Dance                 Hexes                        3
   e - Dazzling Spray                 Conjuration/Hexes            3
Comestibles
 f - 5 bread rations
 z - 7 chunks of flesh


   Skills:
 - Level 10.2 Fighting
 + Level 9.2 Axes
 * Level 9.4 Armour
 - Level 3.6 Shields


You had 8 spell levels left.
You didn't know any spells.

Dungeon Overview and Level Annotations

Branches:
Dungeon (7/15)             Temple (0/1) D:7

Altars:
Ashenzari
Dithmenos
Elyvilon
Fedhas
Nemelex Xobeh
Okawaru
Qazlal
Yredelemnul
Zin

Shops:
D:7 *?[


Innate Abilities, Weirdness & Mutations

((You reflexively headbutt those who attack you in melee.))
((You have a pair of large horns on your head.))
Your body sometimes deteriorates upon taking damage.
((Your system is resistant to poisons. (rPois)))


Message History

You block the sixfirhy's attack.
The orc high priest calls upon Beogh to heal the orc warrior.
The orc warrior is healed somewhat.
The orc warrior hits you with a war axe.
* * * LOW HITPOINT WARNING * * *
It was a potion of agility.
You feel agile all of a sudden.
It was a potion of magic.
Magic courses through your body.
Your extra speed is starting to run out.
The orc high priest hits you but does no damage.
You block the orc warrior's attack.
It was a potion of resistance.
You feel protected.
Your shield prevents you from hitting the orc high priest.
The orc high priest is almost dead.
You slash the orc warrior! You closely miss the sixfirhy.
You block the sixfirhy's attack. The sixfirhy hits you!
* * * LOW HITPOINT WARNING * * *
The sixfirhy shocks you. You resist.
You die...

#...........#
#####')'#####
#..')))..+
#..'.....+
####..#..⌠..#
#.....#.....#
#.8...#.....#
#.....#######
#.8♣###
#g3oog.....
#.844......
+........_.
##+#.......
####### )..
)..#


You could see an orc high priest, an ice devil, a sixfirhy, a chaos spawn, an
orc warrior, a hobgoblin and a goblin.

Vanquished Creatures
  An orc sorcerer (Bailey)
  The ghost of Jerry the Cudgeler, an amateur OgHu (D:4)
  Sigmund (D:5)
  A water moccasin (D:7)
  A sky beast (D:5)
  An ogre (D:6)
  The ghost of tschems the Shield-Bearer, an amateur HuFi (D:3)
  2 elf zombies (Ossuary)
  3 bullfrogs (D:6)
  3 scorpions
  An electric eel (Bailey)
  5 wights (D:7)
  A howler monkey (D:3)
  2 crimson imps (D:6)
  A bullfrog zombie (D:6)
  An orc priest (D:5)
  3 hounds
  A centaur skeleton (D:4)
  2 jellies
  A bullfrog skeleton (D:5)
  5 worker ants
  Terence (D:2)
  2 big kobold zombies (Ossuary)
  2 hound zombies
  5 mummies
  6 gnolls
  10 adders
  3 adder skeletons
  A worm (D:6)
  2 dart slugs
  A leopard gecko (D:5)
  12 orcs
  2 ball pythons
  8 bats
  5 giant cockroaches
  8 goblins
  10 hobgoblins
  10 jackals
  4 quokkas
  3 frilled lizards
  A gnoll zombie (Ossuary)
  2 hobgoblin zombies
  5 kobolds
  5 kobold zombies
  2 leopard gecko skeletons (D:4)
  An orc zombie (Ossuary)
  A quokka skeleton (D:4)
  5 rats
  2 rat zombies (Ossuary)
157 creatures vanquished.

Notes
Turn   | Place    | Note
-------+----------+-------------------------------------------
     0 | D:1      | Kloppie the Minotaur Fighter began the quest for the Orb.
     0 | D:1      | Reached XP level 1. HP: 19/19 MP: 0/0
    51 | D:1      | Reached skill level 4 in Fighting
   146 | D:1      | Reached XP level 2. HP: 27/27 MP: 1/1
   715 | D:2      | Reached XP level 3. HP: 28/35 MP: 2/2
   879 | D:2      | Reached skill level 5 in Fighting
  1281 | D:2      | Noticed Terence
  1291 | D:2      | Killed Terence
  1291 | D:2      | Reached XP level 4. HP: 15/42 MP: 3/3
  1471 | D:2      | Found a shadowy altar of Dithmenos.
  1480 | D:2      | Found a glowing silver altar of Zin.
  1695 | D:2      | You fall through a shaft for 2 floors!
  1717 | D:3      | Found an iron altar of Okawaru.
  1719 | D:3      | Found a stormy altar of Qazlal.
  1730 | D:3      | Reached skill level 6 in Fighting
  1747 | D:3      | Noticed tschems's ghost (amateur HuFi)
  1761 | D:3      | Killed tschems's ghost
  1761 | D:3      | Reached XP level 5. HP: 28/51 MP: 4/4
  1880 | D:3      | Found a white marble altar of Elyvilon.
  2274 | D:4      | Noticed Jerry's ghost (amateur OgHu)
  2282 | D:4      | Reached skill level 7 in Fighting
  2287 | D:4      | Killed Jerry's ghost
  2287 | D:4      | Reached skill level 8 in Fighting
  2287 | D:4      | Reached skill level 5 in Axes
  2287 | D:4      | Reached XP level 6. HP: 42/61 MP: 5/5
  2288 | D:4      | Reached XP level 7. HP: 46/68 MP: 6/6
  2397 | D:4      | Reached skill level 9 in Fighting
  2558 | D:4      | Found a shattered altar of Ashenzari.
  2562 | D:4      | Found a basalt altar of Yredelemnul.
  2567 | D:4      | Found a sparkling altar of Nemelex Xobeh.
  2833 | D:5      | Entered Level 5 of the Dungeon
  3078 | D:5      | Gained mutation: You have a pair of large horns on your head. [potion of mutation]
  3078 | D:5      | Gained mutation: Your body sometimes deteriorates upon taking damage. [potion of mutation]
  3078 | D:5      | Gained mutation: Your system is resistant to poisons. (rPois) [potion of mutation]
  3197 | D:5      | Noticed Sigmund
  3212 | D:5      | Killed Sigmund
  3212 | D:5      | Reached skill level 10 in Fighting
  3212 | D:5      | Reached XP level 8. HP: 64/79 MP: 7/7
  3366 | D:5      | Reached skill level 5 in Armour
  3632 | D:6      | Got a bound silver amulet
  3633 | D:6      | Identified the amulet "Fautenak" {Spirit rElec Dex+2} (You found it on level 6 of the Dungeon)
  3824 | D:6      | Found a blossoming altar of Fedhas.
  4263 | D:7      | Reached XP level 9. HP: 85/85 MP: 8/8
  4286 | D:7      | Found Yjentiy's Armour Shop.
  4294 | D:7      | Found Lech's General Store.
  4311 | D:7      | Found Neehic's Magic Scroll Emporium.
  4346 | D:7      | Found a sand-covered staircase.
  4353 | Ossuary  | Entered an ossuary
  4743 | D:7      | Found a staircase to the Ecumenical Temple.
  4803 | D:7      | Found a flagged portal.
  4813 | Bailey   | Entered a bailey
  4888 | Bailey   | Found an iron altar of Okawaru.
  4888 | Bailey   | Noticed an orc high priest
  4888 | Bailey   | Noticed an orc sorcerer
  4889 | Bailey   | Noticed a sixfirhy
  4889 | Bailey   | Noticed an ice devil
  4897 | Bailey   | Noticed a sixfirhy
  4900 | Bailey   | Noticed an ice devil
  4913 | Bailey   | Killed an orc sorcerer
  4916 | Bailey   | HP: 4/127 [sixfirhy[an orc high priest] (3)]
  4916 | Bailey   | HP: 1/127 [orc warrior/war axe (3)]
  4920 | Bailey   | Slain by a sixfirhy

Skill      XL: |  1  2  3  4  5  6  7  8  9 |
---------------+----------------------------+-----
Fighting       | 4 5 6 8 10 | 10.2
Axes           | 3 4 5 6 8 9 |  9.2
Armour         | 7 9 |  9.4
Shields        | |  3.6

Action                   |  1- 3 |  4- 6 |  7- 9 || total
-------------------------+-------+-------+-------++-------
Melee: War axe           |    78 |    67 |   278 ||   423
       Headbutt          |     9 |    13 |    59 ||    81
  Use: Scroll            |       |     1 |    11 ||    12
       Potion            |       |     1 |    14 ||    15
  Eat: Chunk             |     1 |     3 |     6 ||    10
       Meat ration       |       |       |     1 ||     1
Armor: Scale mail        |    46 |       |       ||    46
       Chain mail        |       |    33 |     8 ||    41
       Plate armour      |       |       |   132 ||   132
       Skin              |       |       |    14 ||    14
Dodge: Dodged            |    33 |    25 |    92 ||   150
Block: Shield            |    37 |    34 |   128 ||   199
